 Dungeon Crawl Stone Soup version 0.21.1-1-g345015f (webtiles) character file.

56 Kagorn the Skirmisher (level 3, -1/36 HPs)
             Began as a Troll Fighter on July 16, 2018.
             Slain by a gnoll
             ... wielding a +0 club
              (8 damage)
             ... on level 3 of the Dungeon.
             The game lasted 00:07:04 (1131 turns).

Kagorn the Skirmisher (Troll Fighter)               Turns: 1131, Time: 00:07:06

Health: -1/36      AC:  5    Str: 24    XL:     3   Next: 71%
Magic:  2/2        EV:  8    Int:  4    God:
Gold:   119        SH:  9    Dex: 10    Spells: 2/2 levels left

rFire    . . .     SeeInvis .   i - +2 dagger (elec)
rCold    . . .     Gourm    +   c - +1 shield
rNeg     . . .     Faith    +   b - +0 robe
rPois    .         Spirit   .   (helmet restricted)
rElec    .         Reflect  .   (no cloak)
rCorr    .         Harm     .   (gloves unavailable)
MR       .....                  (boots unavailable)
Stlth    +.........             j - amulet of faith
HPRegen  0.52/turn              (no ring)
MPRegen  0.08/turn              (no ring)

@: no status effects
A: large, unfitting armour, claws 3, fast metabolism 3, gourmand, regeneration
1, shaggy fur 1, tough skin 2
a: no special abilities


You were on level 3 of the Dungeon.
You were completely stuffed.

You visited 1 branch of the dungeon, and saw 3 of its levels.

You collected 119 gold pieces.

Inventory:

Hand Weapons
 a - a +0 long sword
 i - a +2 dagger of electrocution (weapon)
Armour
 b - a +0 robe (worn)
 c - a +1 shield (worn)
Jewellery
 j - an amulet of faith (around neck)
Scrolls
 g - a scroll of identify
 h - a scroll of magic mapping
 o - a scroll of teleportation
 p - a scroll of blinking
Potions
 d - a potion of might
 e - 5 potions of agility
 k - a potion of resistance
 l - a potion of mutation {unknown}
Comestibles
 f - 3 rations
 n - 7 chunks of flesh


   Skills:
 * Level 2.9 Fighting
 * Level 2.3 Long Blades
 + Level 0.8 Armour
 + Level 2.6 Dodging
 + Level 2.6 Shields


You had 2 spell levels left.
You didn't know any spells.

Dungeon Overview and Level Annotations

Branches:
Dungeon (3/15)

Altars:
Dithmenos
Okawaru
Sif Muna


Innate Abilities, Weirdness & Mutations

You are too large for most types of armour.
You have claws for hands.
Your metabolism is lightning-fast.
You like to eat raw meat.
Your natural rate of healing is unusually fast.
You are covered in fur. (AC +1)
You have very tough skin. (AC +2)


Message History

You hit the gnoll.
The gnoll is lightly wounded.
The gnoll hits you but does no damage. The gnoll hits you with a club.
You hit the gnoll.
The gnoll is moderately wounded.
The gnoll hits you from afar with a halberd!
The gnoll hits you from afar with a spear.
You block the gnoll's attack.
You closely miss the gnoll.
The gnoll is moderately wounded.
The gnoll hits you from afar with a halberd!
* * * LOW HITPOINT WARNING * * *
The gnoll completely misses you. You block the gnoll's attack.
There is a fountain of clear blue water here.
There is an open door here.
You see here 28 stones.
You closely miss the gnoll.
The gnoll is moderately wounded.
The gnoll hits you with a club!
You die...

#.......#####.#
#..# ###.#####
##'## #..#### #(#
##...## #...... #.#
##.....# ##.####
#.# ##.....###
#..## ...
#.....##_#####...##
...
+....##...##......#
...
#...####'#####...##
##@##.#...#.##..##
#.gg.'.⌠.†._####
####.#...#.##
####+## #


You could see 2 gnolls.

Vanquished Creatures
  A gnoll (D:3)
  An adder (D:2)
  2 dart slugs
  A ball python (D:2)
  3 giant cockroaches (D:2)
  3 goblins (D:2)
  4 hobgoblins
  2 quokkas
  8 bats
  3 frilled lizards (D:2)
  4 kobolds
  3 rats
35 creatures vanquished.

Notes
Turn   | Place    | Note
-------+----------+-------------------------------------------
     0 | D:1      | Kagorn the Troll Fighter began the quest for the Orb.
     0 | D:1      | Reached XP level 1. HP: 22/22 MP: 0/0
   387 | D:1      | Reached XP level 2. HP: 29/29 MP: 1/1
   593 | D:2      | Found a shadowy altar of Dithmenos.
   606 | D:2      | Reached XP level 3. HP: 36/36 MP: 2/2
  1110 | D:3      | Found an iron altar of Okawaru.
  1118 | D:3      | Found a deep blue altar of Sif Muna.
  1131 | D:3      | Slain by a gnoll

Skill      XL: |  1  2 |
---------------+-------+-----
Long Blades    | 2 |  2.3
Fighting       | |  2.9
Armour         | |  0.8
Dodging        | |  2.6
Shields        | |  2.6

Action                   || total
-------------------------++-------
Melee: Long sword        ||    15
       Dagger            ||    78
  Use: Scroll            ||     6
       Potion            ||     3
 Stab: Sleeping          ||     2
  Eat: Chunk             ||    16
Armor: Robe              ||    36
Dodge: Dodged            ||    37
Block: Shield            ||    32
       Rpst.: Long sword ||     2
